[ AOE2 MATCH · #505713391 ]
UnrankedPersians vs Franks
Player's team · LOSS
Rival team · WIN
[ REPLAY ANALYSIS · EXTRACTED FROM THE RECORDED GAME ]
Feudal
9:13
Castle
—
Imperial
—
| APM avg | 46.9 |
| APM peak | 86 |
| eAPM avg | 14.9 |
| Villagers / military | 21 / 0 |
Focus
⚔️ 51.9% · 🌾 48.1%
Feudal
—
Castle
—
Imperial
—
| APM avg | 0.5 |
| APM peak | 5 |
| eAPM avg | 0.5 |
| Villagers / military | 0 / 0 |
Match map
Initial resources + every placement click. Lines = walls · curves = elevation contours. ◆ gold · ⬟ stone · ● berries · ✦ relic · ◌ wall gap
Your base
hK | Keno_'s base
Smoothed initial terrain · ◌ = detected wall gap · hover for details
Inputs per minute
— Ghosty - - hK | Keno_
Build order — Ghosty
27 actions detected in the replay
| 0:01 | Create | Villager (Male) ×5 |
| 0:02 | Build | House |
| 0:03 | Build | House |
| 1:24 | Create | Villager (Male) |
| 1:49 | Build | Mill |
| 1:52 | Create | Villager (Male) |
| 2:12 | Create | Villager (Male) |
| 2:12 | Create | Villager (Male) |
| 2:32 | Build | House |
| 2:53 | Create | Villager (Male) |
| 3:15 | Create | Villager (Male) |
| 3:39 | Create | Villager (Male) |
| 3:49 | Create | Villager (Male) |
| 3:53 | Build | House |
| 3:59 | Create | Villager (Male) |
| 4:14 | Create | Villager (Male) |
| 4:44 | Create | Villager (Male) |
| 4:52 | Create | Villager (Male) |
| 5:37 | Create | Villager (Male) |
| 5:42 | Research | Loom |
| 6:00 | Build | Lumber Camp |
| 6:02 | Create | Villager (Male) |
| 6:02 | Create | Villager (Male) |
| 6:35 | Create | Villager (Male) |
| 7:06 | Research | Feudal Age |
| 9:13 | Age | Feudal Age |
| 9:17 | Research | Wheelbarrow |
Build order — hK | Keno_
0 actions detected in the replay
Match timeline
| 9:13 | Ghosty · age_up feudal |
[ AI ANALYSIS · 1 CREDIT ]
What really happened in this match?
Wolo.gg analyzes every decision: build order, eco, micro, common mistakes by bracket. Personalized analysis on WhatsApp or Discord in 30 seconds.
Civ guide
Persians
Perfil
Jugador #24926497